PA
CHICAGO TULA @ WASHINGTON GENERALS
08/30/2034
 
TOP OF THE 1ST
Chicago Tula batting - Pitching for Washington Generals : LHP Dan Craggs
Pitching: LHP Dan Craggs
Batting: SHB Naif Na'Il bin Musa 0-0: Ground out 5-3 (Groundball, 56)
Batting: RHB Fernando Flores 0-0: Ball
1-0: Called Strike
1-1: Ball
2-1: Swinging Strike
2-2: Ball
3-2: Foul Ball, location: 2F
3-2: Ground out 6-3 (Groundball, 6)
Batting: RHB Eric Deweese 0-0: Called Strike
0-1: Ball
1-1: Ball
2-1: Fly out, F6 (Line Drive, 6MD)
Top of the 1st over - 0 runs, 0 hits, 0 errors, 0 left on base; Chicago 0 - Washington 0
BOTTOM OF THE 1ST
Washington Generals batting - Pitching for Chicago Tula : RHP Carlos Vargas
Pitching: RHP Carlos Vargas
Batting: RHB Eun-bum Song 0-0: Ball
1-0: Swinging Strike
1-1: Ball
2-1: Ball
3-1: Ground out 6-3 (Groundball, 6S)
Batting: RHB Charles Atkinson 0-0: SINGLE (Groundball, 56) (infield hit)
Batting: RHB Fernando Acevedo 0-0: Foul Ball, location: 2F
0-1: Ball
1-1: Swinging Strike
1-2: Foul Ball, location: 2F
1-2: Foul Ball, location: 2F
1-2: Fly out, F8 (Line Drive, 8LD)
Batting: RHB Wen-hua Zhào 0-0: Called Strike
Charles Atkinson steals 2nd base
0-1: Foul Ball, location: 2F
0-2: Ball
1-2: Strikes out swinging
Bottom of the 1st over - 0 runs, 1 hit, 0 errors, 1 left on base; Chicago 0 - Washington 0
TOP OF THE 2ND
Chicago Tula batting - Pitching for Washington Generals : LHP Dan Craggs
Batting: LHB Pancho González 0-0: Ball
1-0: Ground out 5-3 (Groundball, 56)
Batting: RHB Frank de Blooys 0-0: Ball
1-0: Ground out 6-3 (Groundball, 6)
Batting: RHB Lorenzo Varela 0-0: Foul Ball, location: 2F
0-1: Ball
1-1: Foul Ball, location: 2F
1-2: Fly out, F4 (Popup, 34S)
Top of the 2nd over - 0 runs, 0 hits, 0 errors, 0 left on base; Chicago 0 - Washington 0
BOTTOM OF THE 2ND
Washington Generals batting - Pitching for Chicago Tula : RHP Carlos Vargas
Batting: RHB Ashton Bailey 0-0: Ball
1-0: Ball
2-0: Ball
3-0: Base on Balls
Batting: RHB Dale Clark 0-0: Ball
1-0: Foul Ball, location: 2F
1-1: Swinging Strike
1-2: Ground out 4-3 (Groundball, 4S)
Ashton Bailey to second
Batting: RHB Abel Murphy 0-0: Ball
1-0: Ball
2-0: Ground out U3 (Groundball, 34)
Ashton Bailey to third
Batting: RHB Raúl Ocasio 0-0: Called Strike
0-1: Fly out, F5 (Line Drive, 56)
Bottom of the 2nd over - 0 runs, 0 hits, 0 errors, 1 left on base; Chicago 0 - Washington 0
TOP OF THE 3RD
Chicago Tula batting - Pitching for Washington Generals : LHP Dan Craggs
Batting: RHB Brian Rowe 0-0: Ball
1-0: Swinging Strike
1-1: Ball
2-1: Foul Ball, location: 2F
2-2: Strikes out looking
Batting: RHB Charlie Passell 0-0: Ball
1-0: Fly out, F8 (Flyball, 8RM)
Batting: RHB Tae-wan Kim 0-0: Called Strike
0-1: Ball
1-1: Ground out U3 (Groundball, 3)
Top of the 3rd over - 0 runs, 0 hits, 0 errors, 0 left on base; Chicago 0 - Washington 0
BOTTOM OF THE 3RD
Washington Generals batting - Pitching for Chicago Tula : RHP Carlos Vargas
Batting: LHB Mike O'Neil 0-0: Foul Ball, location: 2F
0-1: Swinging Strike
0-2: Ball
1-2: Strikes out swinging
Batting: RHB Eun-bum Song 0-0: Ball
1-0: Called Strike
1-1: Ball
2-1: Foul Ball, location: 2F
2-2: Foul Ball, location: 2F
2-2: Ball
3-2: TRIPLE (Line Drive, 9LD)
Batting: RHB Charles Atkinson 0-0: Called Strike
0-1: Ball
1-1: Ball
2-1: Called Strike
2-2: Strikes out swinging
Batting: RHB Fernando Acevedo 0-0: Ball
Wild Pitch!
Eun-bum Song scores
1-0: Foul Ball, location: 2F
1-1: Ball
2-1: Swinging Strike
2-2: SINGLE (Line Drive, 5L)
Batting: RHB Wen-hua Zhào 0-0: Ball
1-0: Ball
2-0: Foul Ball, location: 2F
2-1: Ball
3-1: Fly out, F6 (Popup, 6M)
Bottom of the 3rd over - 1 run, 2 hits, 0 errors, 1 left on base; Chicago 0 - Washington 1
TOP OF THE 4TH
Chicago Tula batting - Pitching for Washington Generals : LHP Dan Craggs
Batting: SHB Naif Na'Il bin Musa 0-0: Called Strike
0-1: Ball
1-1: Ground out 5-3 (Groundball, 56)
Batting: RHB Fernando Flores 0-0: Foul Ball, location: 2F
0-1: Called Strike
0-2: Strikes out swinging
Batting: RHB Eric Deweese 0-0: Called Strike
0-1: Fly out, F3 (Popup, 3SF)
Top of the 4th over - 0 runs, 0 hits, 0 errors, 0 left on base; Chicago 0 - Washington 1
BOTTOM OF THE 4TH
Washington Generals batting - Pitching for Chicago Tula : RHP Carlos Vargas
Batting: RHB Ashton Bailey 0-0: Ground out 6-3 (Groundball, 6)
Batting: RHB Dale Clark 0-0: Called Strike
0-1: Ball
1-1: Swinging Strike
1-2: Ball
2-2: Foul Ball, location: 2F
2-2: Ball
3-2: Fly out, F9 (Line Drive, 89S)
Batting: RHB Abel Murphy 0-0: Called Strike
0-1: Ball
1-1: Ball
2-1: Called Strike
2-2: Strikes out swinging
Bottom of the 4th over - 0 runs, 0 hits, 0 errors, 0 left on base; Chicago 0 - Washington 1
TOP OF THE 5TH
Chicago Tula batting - Pitching for Washington Generals : LHP Dan Craggs
Batting: LHB Pancho González 0-0: Called Strike
0-1: Foul Ball, location: 2F
0-2: Foul Ball, location: 2F
0-2: Foul Ball, location: 2F
0-2: Ball
1-2: Strikes out swinging
Batting: RHB Frank de Blooys 0-0: Called Strike
0-1: Ball
1-1: DOUBLE (Groundball, 3L)
Batting: RHB Lorenzo Varela 0-0: Ground out 4-3 (Groundball, 4)
Frank de Blooys to third
Batting: RHB Brian Rowe 0-0: Ball
1-0: Called Strike
1-1: 2-RUN HOME RUN (Flyball, 8RXD), Distance : 442 ft
Batting: RHB Charlie Passell 0-0: Called Strike
0-1: Foul Ball, location: 2F
0-2: Ground out 5-3 (Groundball, 5L)
Top of the 5th over - 2 runs, 2 hits, 0 errors, 0 left on base; Chicago 2 - Washington 1
BOTTOM OF THE 5TH
Washington Generals batting - Pitching for Chicago Tula : RHP Carlos Vargas
Batting: RHB Raúl Ocasio 0-0: Foul Ball, location: 2F
0-1: Called Strike
0-2: Strikes out looking
Batting: LHB Mike O'Neil 0-0: Ball
1-0: Ball
2-0: Ball
3-0: Called Strike
3-1: Fly out, F7 (Flyball, 78D)
Batting: RHB Eun-bum Song 0-0: Ball
1-0: Swinging Strike
1-1: Single, Error in OF, E7, batter to second base
Batting: RHB Charles Atkinson 0-0: Called Strike
0-1: Ground out 6-3 (Groundball, 6)
Bottom of the 5th over - 0 runs, 1 hit, 1 error, 1 left on base; Chicago 2 - Washington 1
TOP OF THE 6TH
Chicago Tula batting - Pitching for Washington Generals : LHP Dan Craggs
Batting: RHB Tae-wan Kim 0-0: Swinging Strike
0-1: DOUBLE (Flyball, 78D)
Batting: SHB Naif Na'Il bin Musa 0-0: Intentional Walk
Batting: RHB Fernando Flores 0-0: Called Strike
0-1: Swinging Strike
0-2: Strikes out looking
Batting: RHB Eric Deweese 0-0: Called Strike
0-1: Foul Ball, location: 2F
0-2: Grounds into double play, 6-4-3 (Groundball, 6)
Top of the 6th over - 0 runs, 1 hit, 0 errors, 1 left on base; Chicago 2 - Washington 1
BOTTOM OF THE 6TH
Washington Generals batting - Pitching for Chicago Tula : RHP Carlos Vargas
Batting: RHB Fernando Acevedo 0-0: Foul Ball, location: 2F
0-1: Ball
1-1: Swinging Strike
1-2: Strikes out swinging
Batting: RHB Wen-hua Zhào 0-0: Called Strike
0-1: Foul Ball, location: 2F
0-2: Foul Ball, location: 2F
0-2: Ball
1-2: Strikes out swinging
Batting: RHB Ashton Bailey 0-0: Foul Ball, location: 2F
0-1: Ground out 1-3 (Groundball, 13S)
Bottom of the 6th over - 0 runs, 0 hits, 0 errors, 0 left on base; Chicago 2 - Washington 1
TOP OF THE 7TH
Chicago Tula batting - Pitching for Washington Generals : LHP Dan Craggs
Batting: LHB Pancho González 0-0: Foul Ball, location: 2F
0-1: Called Strike
0-2: Strikes out swinging
Batting: RHB Frank de Blooys 0-0: Called Strike
0-1: Ball
1-1: Ball
2-1: Swinging Strike
2-2: SINGLE (Line Drive, 6M)
Batting: RHB Lorenzo Varela 0-0: Ball
1-0: Fly out, F7 (Flyball, 78D)
Batting: RHB Brian Rowe 0-0: Foul Ball, location: 2F
0-1: Foul Ball, location: 2F
0-2: Ball
1-2: Ball
2-2: Ground out 4-3 (Groundball, 4)
Top of the 7th over - 0 runs, 1 hit, 0 errors, 1 left on base; Chicago 2 - Washington 1
BOTTOM OF THE 7TH
Washington Generals batting - Pitching for Chicago Tula : RHP Carlos Vargas
Batting: RHB Dale Clark 0-0: Called Strike
0-1: DOUBLE (Line Drive, 8LD) - OUT at third base trying to stretch hit.
Batting: RHB Abel Murphy 0-0: Ball
1-0: Foul Ball, location: 2F
1-1: Ball
2-1: Fly out, F8 (Flyball, 8RXD)
Batting: RHB Raúl Ocasio 0-0: Ball
1-0: Ground out 6-3 (Groundball, 6S)
Bottom of the 7th over - 0 runs, 1 hit, 0 errors, 0 left on base; Chicago 2 - Washington 1
TOP OF THE 8TH
Chicago Tula batting - Pitching for Washington Generals : LHP Dan Craggs
Batting: RHB Charlie Passell 0-0: Swinging Strike
0-1: Ball
1-1: Swinging Strike
1-2: Strikes out swinging
Batting: RHB Tae-wan Kim 0-0: Ball
1-0: Ball
2-0: Ball
3-0: Called Strike
3-1: Fly out, F9 (Flyball, 9LS)
Batting: SHB Naif Na'Il bin Musa 0-0: Called Strike
0-1: Ball
1-1: Called Strike
1-2: Ball
2-2: Ball
3-2: Foul Ball, location: 2F
3-2: Foul Ball, location: 2F
3-2: Foul Ball, location: 2F
3-2: Fly out, F8 (Flyball, 89D)
Top of the 8th over - 0 runs, 0 hits, 0 errors, 0 left on base; Chicago 2 - Washington 1
BOTTOM OF THE 8TH
Washington Generals batting - Pitching for Chicago Tula : RHP Carlos Vargas
Pitching: RHP Dou-guan Shao
Batting: LHB Mike O'Neil 0-0: Called Strike
0-1: Foul Ball, location: 2F
0-2: Ball
1-2: Ball
2-2: Strikes out looking
Batting: RHB Eun-bum Song 0-0: Ball
1-0: Ball
2-0: Ball
3-0: Base on Balls
Batting: RHB Charles Atkinson 0-0: Fly out, F7 (Flyball, 7LSF)
Batting: RHB Fernando Acevedo 0-0: Foul Ball, location: 2F
0-1: Ball
1-1: Foul Ball, location: 2F
1-2: Ground out 5-3 (Groundball, 56)
Bottom of the 8th over - 0 runs, 0 hits, 0 errors, 1 left on base; Chicago 2 - Washington 1
TOP OF THE 9TH
Chicago Tula batting - Pitching for Washington Generals : LHP Dan Craggs
Pitching: RHP Milton Mathews
Batting: RHB Fernando Flores 0-0: Ball
1-0: Foul Ball, location: 2F
1-1: Ball
2-1: Called Strike
2-2: Strikes out looking
Batting: RHB Eric Deweese 0-0: Ball
1-0: Ball
2-0: Fly out, F7 (Line Drive, 7)
Batting: LHB Pancho González 0-0: Ball
1-0: Ball
2-0: Called Strike
2-1: Single, Error in OF, E8, batter to second base
Batting: RHB Frank de Blooys 0-0: Called Strike
0-1: Called Strike
0-2: Fly out, F8 (Flyball, 89M)
Top of the 9th over - 0 runs, 1 hit, 1 error, 1 left on base; Chicago 2 - Washington 1
BOTTOM OF THE 9TH
Washington Generals batting - Pitching for Chicago Tula : RHP Dou-guan Shao
Pitching: RHP Peer Aarsen
Now at C: Louis Chevrolet
Now in LF: Michel Morand
Batting: RHB Wen-hua Zhào 0-0: SINGLE (Flyball, 56D)
Batting: RHB Ashton Bailey 0-0: Grounds into double play, 5-4-3 (Groundball, 56)
Batting: RHB Dale Clark 0-0: Foul Ball, location: 2F
0-1: Foul Ball, location: 2F
0-2: Ball
1-2: Ball
2-2: Ground out 4-3 (Groundball, 4M)
Bottom of the 9th over - 0 runs, 1 hit, 0 errors, 0 left on base; Chicago 2 - Washington 1
Friday, March 29th, 2019 - OOTP Baseball 18.8 Build 76